[ AOE2 MATCH · #513758209 ]
UnrankedBurgundians vs Spanish
Rival team · LOSS
[ REPLAY ANALYSIS · EXTRACTED FROM THE RECORDED GAME ]
Feudal
11:17
Castle
26:55
Imperial
41:44
| APM avg | 48.8 |
| APM peak | 124 |
| eAPM avg | 29.8 |
| Villagers / military | 159 / 157 |
Focus
⚔️ 41.6% · 🌾 58.4%
Coustillier ×57 · Archer ×42 · Skirmisher ×41 · Battering Ram ×8 · Flemish Militia ×7 · Trebuchet (Packed) ×2
Feudal
8:33
Castle
24:03
Imperial
36:40
| APM avg | 47.3 |
| APM peak | 101 |
| eAPM avg | 25.8 |
| Villagers / military | 137 / 96 |
Focus
⚔️ 48.6% · 🌾 51.4%
Skirmisher ×50 · Conquistador ×14 · Knight ×11 · Ballestero montado ×9 · Militia ×5 · Trebuchet (Packed) ×4
Match map
Initial resources + every placement click. Lines = walls · curves = elevation contours. ◆ gold · ⬟ stone · ● berries · ✦ relic · ◌ wall gap
Your base· Open — 6t gap
Dragon Extreme's base· Open — unwalled flank
Smoothed initial terrain · ◌ = detected wall gap · hover for details
Inputs per minute
— legolas27 - - Dragon Extreme
Build order — legolas27
First 150 of 498 actions detected
| 0:00 | Queue | Villager (Male) |
| 0:01 | Queue | Villager (Male) |
| 0:01 | Queue | Villager (Male) |
| 0:02 | Build | House |
| 0:03 | Build | House |
| 0:09 | Queue | Villager (Male) |
| 1:22 | Queue | Villager (Male) |
| 1:48 | Build | Lumber Camp |
| 2:02 | Queue | Villager (Male) |
| 2:21 | Queue | Villager (Male) |
| 2:52 | Queue | Villager (Male) |
| 3:14 | Queue | Villager (Male) |
| 3:35 | Build | House |
| 3:46 | Queue | Villager (Male) |
| 4:01 | Queue | Villager (Male) |
| 4:23 | Research | Double-Bit Axe |
| 4:35 | Queue | Villager (Male) |
| 4:52 | Queue | Villager (Male) |
| 5:23 | Build | House |
| 5:25 | Build | House |
| 5:26 | Queue | Villager (Male) |
| 5:52 | Queue | Villager (Male) |
| 5:52 | Queue | Villager (Male) |
| 5:57 | Build | Mill |
| 6:27 | Queue | Villager (Male) |
| 6:56 | Queue | Villager (Male) |
| 7:13 | Build | Mining Camp |
| 7:28 | Research | Loom |
| 7:56 | Queue | Villager (Male) |
| 8:03 | Queue | Villager (Male) |
| 8:34 | Build | Barracks |
| 8:46 | Build | Palisade Wall |
| 8:47 | Build | Palisade Wall |
| 9:07 | Research | Feudal Age |
| 9:20 | Build | House |
| 9:21 | Build | Palisade Wall |
| 9:40 | Build | Palisade Wall |
| 9:42 | Build | House |
| 10:14 | Build | Palisade Wall |
| 10:15 | Queue | Villager (Male) |
| 10:15 | Queue | Villager (Male) |
| 10:15 | Queue | Villager (Male) |
| 10:28 | Build | Palisade Wall |
| 10:31 | Build | Palisade Wall |
| 11:02 | Build | Palisade Wall |
| 11:10 | Queue | Villager (Male) |
| 11:17 | Age | Feudal Age |
| 11:25 | Build | Palisade Gate |
| 11:26 | Queue | Villager (Male) |
| 11:51 | Build | Watch Tower |
| 11:57 | Build | Lumber Camp |
| 12:10 | Build | House |
| 12:20 | Queue | Villager (Male) |
| 12:33 | Build | Barracks |
| 12:46 | Queue | Villager (Male) |
| 13:11 | Queue | Villager (Male) |
| 13:38 | Queue | Villager (Male) |
| 13:43 | Build | Farm |
| 13:56 | Queue | Villager (Male) |
| 14:15 | Research | Horse Collar |
| 14:16 | Queue | Villager (Male) |
| 14:16 | Queue | Villager (Male) |
| 14:21 | Build | House |
| 14:32 | Queue | Villager (Male) |
| 14:34 | Build | Farm |
| 14:35 | Build | Farm |
| 14:36 | Build | Farm |
| 14:37 | Queue | Flemish Militia |
| 15:01 | Build | House |
| 15:15 | Build | Lumber Camp |
| 15:17 | Queue | Villager (Male) |
| 15:19 | Queue | Villager (Male) |
| 15:30 | Build | House |
| 15:32 | Queue | Villager (Male) |
| 15:38 | Queue | Villager (Male) |
| 16:30 | Build | Archery Range |
| 16:51 | Queue | Flemish Militia |
| 16:52 | Queue | Flemish Militia |
| 17:10 | Build | Farm |
| 17:12 | Build | Farm |
| 17:13 | Queue | Villager (Male) |
| 17:16 | Build | Farm |
| 17:21 | Build | Farm |
| 17:29 | Queue | Archer |
| 17:29 | Queue | Archer |
| 17:30 | Queue | Archer |
| 17:30 | Queue | Archer |
| 17:38 | Build | Mining Camp |
| 18:04 | Queue | Villager (Male) |
| 18:14 | Queue | Villager (Male) |
| 18:16 | Build | Farm |
| 18:17 | Build | Farm |
| 18:25 | Build | Farm |
| 18:28 | Build | Farm |
| 18:29 | Build | Farm |
| 18:32 | Build | House |
| 18:33 | Build | House |
| 18:45 | Queue | Villager (Male) |
| 18:48 | Queue | Archer |
| 18:55 | Queue | Villager (Male) |
| 18:57 | Build | Archery Range |
| 19:05 | Build | House |
| 19:25 | Research | Bow Saw |
| 19:25 | Queue | Villager (Male) |
| 19:36 | Build | Farm |
| 19:37 | Build | Farm |
| 19:43 | Queue | Villager (Male) |
| 19:43 | Queue | Villager (Male) |
| 19:46 | Build | House |
| 19:51 | Queue | Villager (Male) |
| 19:51 | Queue | Villager (Male) |
| 19:55 | Build | House |
| 19:57 | Queue | Archer |
| 19:57 | Queue | Archer |
| 20:09 | Queue | Flemish Militia |
| 20:09 | Queue | Flemish Militia |
| 20:14 | Build | Watch Tower |
| 20:24 | Build | Palisade Wall |
| 20:40 | Build | Farm |
| 20:43 | Build | Farm |
| 20:45 | Build | Farm |
| 20:47 | Research | Wheelbarrow |
| 20:53 | Queue | Villager (Male) |
| 20:53 | Queue | Villager (Male) |
| 21:02 | Queue | Villager (Male) |
| 21:08 | Build | Blacksmith |
| 21:14 | Queue | Villager (Male) |
| 21:23 | Queue | Flemish Militia |
| 21:27 | Build | Palisade Gate |
| 21:33 | Build | Farm |
| 21:35 | Build | Farm |
| 21:46 | Research | Fletching |
| 21:51 | Research | Gold Mining |
| 22:03 | Build | Farm |
| 22:04 | Build | Farm |
| 22:17 | Build | Farm |
| 22:22 | Queue | Villager (Male) |
| 22:22 | Queue | Villager (Male) |
| 22:23 | Queue | Villager (Male) |
| 23:23 | Queue | Villager (Male) |
| 23:24 | Queue | Villager (Male) |
| 23:29 | Build | Market |
| 24:15 | Research | Castle Age |
| 24:17 | Queue | Archer |
| 24:21 | Queue | Archer |
| 24:29 | Queue | Archer |
| 24:32 | Queue | Archer |
| 24:33 | Queue | Archer |
| 24:33 | Queue | Archer |
| 24:36 | Build | Outpost |
Build order — Dragon Extreme
First 150 of 436 actions detected
| 0:01 | Queue | Villager (Male) |
| 0:01 | Queue | Villager (Male) |
| 0:02 | Build | House |
| 0:05 | Build | House |
| 0:08 | Queue | Villager (Male) |
| 0:12 | Queue | Villager (Male) |
| 0:20 | Build | House |
| 0:45 | Build | Lumber Camp |
| 1:32 | Queue | Villager (Male) |
| 1:32 | Queue | Villager (Male) |
| 1:33 | Queue | Villager (Male) |
| 1:33 | Queue | Villager (Male) |
| 2:07 | Queue | Villager (Male) |
| 2:07 | Queue | Villager (Male) |
| 2:24 | Queue | Villager (Male) |
| 2:46 | Queue | Villager (Male) |
| 3:07 | Queue | Villager (Male) |
| 3:07 | Queue | Villager (Male) |
| 3:46 | Queue | Villager (Male) |
| 3:47 | Queue | Villager (Male) |
| 4:04 | Queue | Villager (Male) |
| 4:05 | Queue | Villager (Male) |
| 4:14 | Queue | Villager (Male) |
| 4:27 | Queue | Villager (Male) |
| 4:44 | Queue | Villager (Male) |
| 4:44 | Queue | Villager (Male) |
| 5:01 | Research | Loom |
| 5:43 | Build | Barracks |
| 6:23 | Research | Feudal Age |
| 6:23 | Research | Feudal Age |
| 6:23 | Research | Feudal Age |
| 6:31 | Queue | Militia |
| 6:31 | Queue | Militia |
| 6:36 | Build | House |
| 6:58 | Queue | Militia |
| 6:58 | Queue | Militia |
| 7:23 | Queue | Militia |
| 8:06 | Build | Mill |
| 8:33 | Age | Feudal Age |
| 8:40 | Research | Double-Bit Axe |
| 8:41 | Queue | Villager (Male) |
| 8:56 | Build | Watch Tower |
| 9:29 | Queue | Villager (Male) |
| 9:29 | Queue | Villager (Male) |
| 9:30 | Queue | Villager (Male) |
| 9:35 | Build | House |
| 9:47 | Build | Watch Tower |
| 9:52 | Build | Palisade Wall |
| 9:57 | Build | Stone Wall |
| 9:59 | Build | Stone Wall |
| 10:02 | Build | Palisade Wall |
| 10:05 | Queue | Villager (Male) |
| 10:08 | Build | Farm |
| 10:13 | Build | Farm |
| 10:21 | Build | Palisade Wall |
| 10:27 | Queue | Villager (Male) |
| 10:31 | Build | Archery Range |
| 10:55 | Queue | Villager (Male) |
| 10:55 | Queue | Villager (Male) |
| 11:26 | Queue | Villager (Male) |
| 11:27 | Queue | Villager (Male) |
| 11:33 | Build | House |
| 11:50 | Queue | Villager (Male) |
| 12:01 | Build | Mining Camp |
| 12:08 | Build | Farm |
| 12:10 | Build | Farm |
| 12:18 | Queue | Villager (Male) |
| 12:19 | Queue | Villager (Male) |
| 12:19 | Queue | Villager (Male) |
| 12:21 | Build | Farm |
| 12:23 | Build | Mining Camp |
| 12:26 | Queue | Skirmisher |
| 12:41 | Queue | Villager (Male) |
| 12:41 | Queue | Villager (Male) |
| 12:55 | Build | Farm |
| 12:57 | Queue | Skirmisher |
| 13:01 | Build | Lumber Camp |
| 13:13 | Build | House |
| 13:13 | Queue | Villager (Male) |
| 13:13 | Queue | Villager (Male) |
| 13:27 | Queue | Villager (Male) |
| 13:35 | Queue | Archer |
| 13:37 | Queue | Villager (Male) |
| 13:38 | Queue | Villager (Male) |
| 13:52 | Build | House |
| 14:06 | Build | Outpost |
| 14:08 | Build | Outpost |
| 14:09 | Queue | Villager (Male) |
| 14:09 | Queue | Villager (Male) |
| 14:16 | Build | Farm |
| 14:18 | Queue | Archer |
| 14:34 | Queue | Skirmisher |
| 14:45 | Queue | Villager (Male) |
| 15:05 | Queue | Villager (Male) |
| 15:08 | Research | Gold Mining |
| 15:12 | Build | Farm |
| 15:31 | Queue | Villager (Male) |
| 15:48 | Queue | Villager (Male) |
| 15:49 | Queue | Skirmisher |
| 15:53 | Build | House |
| 15:54 | Build | House |
| 15:59 | Queue | Spearman |
| 16:05 | Build | Lumber Camp |
| 16:30 | Queue | Villager (Male) |
| 16:42 | Build | Farm |
| 16:46 | Queue | Skirmisher |
| 16:51 | Queue | Villager (Male) |
| 16:55 | Build | Market |
| 17:05 | Queue | Villager (Male) |
| 17:10 | Build | Blacksmith |
| 17:27 | Build | Watch Tower |
| 17:30 | Build | Palisade Wall |
| 17:46 | Research | Fletching |
| 17:46 | Research | Fletching |
| 17:48 | Build | Farm |
| 17:51 | Build | Farm |
| 17:52 | Build | Farm |
| 17:52 | Build | Farm |
| 17:52 | Build | Farm |
| 17:52 | Build | Farm |
| 18:05 | Queue | Villager (Male) |
| 18:22 | Queue | Villager (Male) |
| 18:45 | Build | Farm |
| 19:05 | Build | Farm |
| 19:05 | Build | Farm |
| 19:05 | Build | Farm |
| 19:05 | Build | Farm |
| 19:05 | Build | Farm |
| 19:06 | Build | Farm |
| 19:08 | Queue | Villager (Male) |
| 19:09 | Queue | Skirmisher |
| 19:12 | Build | Farm |
| 19:33 | Queue | Villager (Male) |
| 19:37 | Build | Farm |
| 19:39 | Build | Farm |
| 19:42 | Build | House |
| 19:56 | Queue | Villager (Male) |
| 20:04 | Build | House |
| 20:09 | Build | Palisade Wall |
| 20:15 | Build | Farm |
| 20:24 | Queue | Villager (Male) |
| 20:28 | Build | House |
| 20:39 | Build | Farm |
| 20:53 | Queue | Villager (Male) |
| 21:05 | Build | Farm |
| 21:20 | Build | House |
| 21:23 | Research | Castle Age |
| 21:23 | Research | Castle Age |
| 21:24 | Research | Castle Age |
| 22:15 | Queue | Skirmisher |
Match timeline
| 5:43 | Dragon Extreme · first_building Barracks |
| 8:33 | Dragon Extreme · age_up feudal |
| 8:34 | legolas27 · first_building Barracks |
| 8:46 | legolas27 · wall_segment Palisade Wall x1 |
| 8:47 | legolas27 · wall_segment Palisade Wall x1 |
| 9:21 | legolas27 · wall_segment Palisade Wall x1 |
| 9:40 | legolas27 · wall_segment Palisade Wall x10 |
| 9:52 | Dragon Extreme · wall_segment Palisade Wall x1 |
| 9:57 | Dragon Extreme · wall_segment Stone Wall x1 |
| 9:59 | Dragon Extreme · wall_segment Stone Wall x1 |
| 10:02 | Dragon Extreme · wall_segment Palisade Wall x1 |
| 10:14 | legolas27 · wall_segment Palisade Wall x12 |
| 10:21 | Dragon Extreme · wall_segment Palisade Wall x2 |
| 10:28 | legolas27 · wall_segment Palisade Wall x5 |
| 10:31 | Dragon Extreme · first_building Archery Range |
| 10:31 | legolas27 · wall_segment Palisade Wall x1 |
| 11:02 | legolas27 · wall_segment Palisade Wall x1 |
| 11:17 | legolas27 · age_up feudal |
| 16:30 | legolas27 · first_building Archery Range |
| 17:30 | Dragon Extreme · wall_segment Palisade Wall x1 |
| 20:09 | Dragon Extreme · wall_segment Palisade Wall x1 |
| 20:24 | legolas27 · wall_segment Palisade Wall x1 |
| 20:59 | Dragon Extreme · first_market_buy 100 food |
| 24:03 | Dragon Extreme · age_up castle |
| 24:14 | legolas27 · first_market_buy 100 food |
| 24:14 | legolas27 · first_market_sell 100 wood |
| 24:37 | Dragon Extreme · first_building Castle |
| 25:09 | Dragon Extreme · first_building Stable |
| 26:22 | Dragon Extreme · first_market_sell 100 wood |
| 26:55 | legolas27 · age_up castle |
| 27:34 | legolas27 · first_building Castle |
| 27:51 | legolas27 · wall_segment Palisade Wall x1 |
| 32:37 | legolas27 · first_building Siege Workshop |
| 36:40 | Dragon Extreme · age_up imperial |
| 41:44 | legolas27 · age_up imperial |
| 53:28 | Dragon Extreme · resign |
[ AI ANALYSIS · 1 CREDIT ]
What really happened in this match?
Wolo.gg analyzes every decision: build order, eco, micro, common mistakes by bracket. Personalized analysis on WhatsApp or Discord in 30 seconds.
Civ guide
Burgundians
Perfil
Jugador #2620174